 Dungeon Crawl Stone Soup version 0.32-a0-30-gefbe487952 (webtiles) character file.

Game seed: 15483065097751395055

80922 bobo the Spear-Bearer (level 15, 0/122 HPs)
             Began as a Merfolk Summoner on Jan 18, 2024.
             Was a High Priest of the Shining One.
             Slain by a +2 dire flail of protection (15 damage)
             ... on level 2 of the Orcish Mines on Jan 20, 2024.
             The game lasted 02:03:59 (26565 turns).

bobo the Spear-Bearer (Merfolk Summoner)           Turns: 26565, Time: 02:03:59

Health: 0/122      AC: 16    Str: 15    XL:     15   Next: 68%
Magic:  28/29      EV: 13    Int: 20    God:    the Shining One [*****.]
Gold:   965        SH:  0    Dex: 14    Spells: 11/35 levels left

rFire   . . .        J - +0 trident (freeze)
rCold   + . .        n - +2 buckler
rNeg    + + .        o - +0 troll leather armour
rPois   .            k - +2 helmet
rElec   .            B - +0 cloak
rCorr   +            K - +2 pair of gloves
SInv    .            f - +0 pair of boots
Will    ++...        t - amulet of Lies {RegenMP rC+ Int+2}
Stlth   +            l - ring of resist corrosion
HPRegen 1.20/turn    s - ring "Louj" {Will+ AC+4}
MPRegen 0.61/turn

%: no passive effects
@: confused, ambrosia-drunk, glowing
A: (nimble swimmer 2), mertail, clever 1
a: Renounce Religion, Divine Shield, Cleansing Flame, Summon Divine Warrior


You were on level 2 of the Orcish Mines.
You worshipped the Shining One.
The Shining One was extremely pleased with you.
You visited 7 branches of the dungeon, and saw 24 of its levels.

You collected 1654 gold pieces.
You spent 97 gold pieces at shops.
You donated 592 gold pieces to Zin.

Inventory:

Hand Weapons
 A - a +0 trident of venom
 J - a +0 trident of freezing (weapon)
Armour
 f - a +0 pair of boots (worn)
 k - a +2 helmet (worn)
 n - a +2 buckler (worn)
 o - a +0 troll leather armour (worn)
 x - a +1 chain mail of poison resistance
 B - a +0 cloak (worn)
 C - a +1 leather armour of fire resistance
 K - a +2 pair of gloves (worn)
Jewellery
 l - a ring of resist corrosion (left hand)
 s - the ring "Louj" (right hand) {Will+ AC+4}
   (You found it on level 2 of the Lair of Beasts)

   [ring of protection]

   AC+4:      It affects your AC (+4).
   Will+:     It increases your willpower.
 t - the amulet of Lies (around neck) {RegenMP rC+ Int+2}
   (You found it on level 10 of the Dungeon)

   [amulet of magic regeneration]

   RegenMP:   It increases your rate of magic regeneration.
   Int+2:     It affects your intelligence (+2).
   rC+:       It protects you from cold.
Wands
 a - a wand of quicksilver (10)
 q - a wand of digging (5)
 u - a wand of flame (14)
 G - a wand of paralysis (6)
Scrolls
 c - a scroll of teleportation
 d - 9 scrolls of enchant weapon
 g - 2 scrolls of amnesia
 h - 2 scrolls of poison
 i - a scroll of revelation
 m - a scroll of silence
 r - a scroll of enchant armour
Potions
 e - 4 potions of ambrosia
 j - a potion of lignification
 p - a potion of attraction
 w - a potion of enlightenment
 z - a potion of cancellation
 D - a potion of berserk rage
 E - a potion of haste
 F - 4 potions of curing
 H - a potion of mutation


   Skills:
 + Level 12.7 Fighting
 - Level 14.0 Polearms
 - Level 4.0 Armour
 + Level 4.9 Dodging
 - Level 2.1 Stealth
 - Level 7.0 Shields
 + Level 10.7 Spellcasting
 + Level 10.5 Summonings
 + Level 5.5 Translocations
 - Level 5.9 Fire Magic
 - Level 6.4 Air Magic
 - Level 8.0 Invocations


You had 11 spell levels left.
You knew the following spells:

 Your Spells              Type           Power      Damage    Failure   Level
a - Summon Small Mammal   Summ           100%       N/A       1%          1
b - Summon Blazeheart Go  Fire/Summ      43%        N/A       3%          4
c - Summon Cactus Giant   Summ           26%        N/A       21%         6
d - Call Canine Familiar  Summ           52%        N/A       1%          3
q - Summon Lightning Spi  Summ/Air       44%        N/A       3%          4
x - Manifold Assault      Tloc           33%        N/A       10%         4
Z - Blink                 Tloc           66%        N/A       1%          2

Your spell library contained the following spells:

 Spells                   Type           Power      Damage    Failure   Level
 Apportation              Tloc           66%        N/A       1%          1
 Call Imp                 Summ           100%       N/A       1%          2
 Scorch                   Fire           68%        2d7       1%          2
 Swiftness                Air            36%        N/A       2%          3
 Static Discharge         Conj/Air       46%        3-5/arc   4%          2
 Cigotuvi's Dreadful Rot  Necr/Alch/Air  38%        N/A       6%          2
 Airstrike                Air            18%        2d(3-19)  7%          4
 Inner Flame              Hex/Fire       22%        N/A       9%          3
 Magic Dart               Conj           40%        1d5       10%         1
 Necrotise                Necr           40%        1d6       10%         1
 Sandblast                Erth           20%        2d7       10%         1
 Slow                     Hex            40%        N/A       10%         1
 Sting                    Conj/Alch      40%        1d5       10%         1
 Ensorcelled Hibernation  Hex/Ice        20%        N/A       16%         2
 Jinxbite                 Hex            20%        N/A       16%         2
 Sublimation of Blood     Necr           10%        N/A       16%         2
 Flame Wave               Conj/Fire      22%        2d8       28%         4
 Ignite Poison            Fire/Alch      22%        N/A       28%         4
 Confusing Touch          Hex            10%        N/A       30%         3
 Ozocubu's Armour         Ice            10%        N/A       30%         3
 Passwall                 Erth           10%        N/A       30%         3
 Sigil of Binding         Hex            10%        N/A       30%         3
 Stone Arrow              Conj/Erth      20%        3d8       30%         3
 Vampiric Draining        Necr           10%        2d6       30%         3
 Anguish                  Hex/Necr       5%         N/A       69%         4
 Brom's Barrelling Bould  Conj/Erth      10%        2d3       69%         4
 Cause Fear               Hex            5%         N/A       69%         4
 Summon Hydra             Summ           26%        N/A       73%         7
 Freezing Cloud           Conj/Ice/Air   9%         6-21      75%         5
 Dispersal                Tloc           16%        N/A       83%         6
 Irradiate                Conj/Alch      5%         3d13      95%         5
 Metabolic Englaciation   Hex/Ice        5%         N/A       95%         5
 Yara's Violent Unravell  Hex/Alch       5%         3d4       95%         5
 Sculpt Simulacrum        Ice/Alch       5%         N/A       100%        6
 Enfeeble                 Hex            5%         N/A       100%        7
 Disjunction              Tloc           16%        N/A       100%        8
 Ignition                 Fire           17%        3d7       100%        8


Dungeon Overview and Level Annotations

Branches:
Dungeon (13/15)            Temple (1/1) D:6            Lair (5/5) D:10
  Swamp (1/4) Lair:2        Snake (1/4) Lair:2        Slime (0/5) Lair:5
    Orc (2/2) D:12            Elf (1/3) Orc:2
 Vaults: D:13-14

Altars:
Ashenzari
Cheibriados
Dithmenos
Elyvilon
Fedhas
Gozag
Hepliaklqana
Kikubaaqudgha
Makhleb
Nemelex Xobeh
Okawaru
Qazlal
Ru
Sif Muna
Trog
Uskayaw
Vehumet
Wu Jian
Xom
Yredelemnul
Zin
The Shining One
Jiyva

Shops:
D:6 *:   D:12 *   Orc:2 [(?:

Annotations:
Lair:2 1 exclusion


Innate Abilities, Weirdness & Mutations

((You are very nimble when in or above water. (Stealth+, EV+, Speed+++)))
Your lower body shifts to a powerful aquatic tail in water.
Your mind is acute. (Int +4, Str/Dex -1)


Message History

The +2 dire flail of protection attacks as it pursues you!
The +2 dire flail of protection barely misses you.
You swap places.
The +2 dire flail of protection hits you.
The +2 dire flail of protection hits you!!
* * * LOW HITPOINT WARNING * * *
Your cactus giant hits the +2 dire flail of protection with a +0 giant spiked club!
Casting: Summon Cactus Giant (dangerous; 21% risk of failure)
Confirm with . or Enter, or press ? or * to list all spells.
You blink.
You block the +2 dire flail of protection's attack.
You closely miss the +2 dire flail of protection.
The +2 dire flail of protection is moderately damaged.
The +2 dire flail of protection closely misses you.
You miss the +2 dire flail of protection.
The +2 dire flail of protection is moderately damaged.
The +2 dire flail of protection hits you!
* * * LOW HITPOINT WARNING * * *
Your magical contamination has completely faded away.
Casting: Blink (safe; 1% risk of failure)
Confirm with . or Enter, or press ? or * to list all spells.
Okay, then.
Unknown command.
You feel much better.
The +2 dire flail of protection hits you!
* * * LOW HITPOINT WARNING * * *
You closely miss the +2 dire flail of protection.
The +2 dire flail of protection is moderately damaged.
The +2 dire flail of protection hits you.
* * * LOW HITPOINT WARNING * * *
You hit the +2 dire flail of protection but do no damage.
The +2 dire flail of protection is moderately damaged.
The +2 dire flail of protection hits you!
* * * LOW HITPOINT WARNING * * *
Your cactus giant hits the +2 dire flail of protection with a +0 giant spiked club!
You are confused.
You feel invigorated.
You feel ready to blink again.
The +2 dire flail of protection hits you!
You die...

#................. ##
###................. .##
#####................... ..#
##.##....................
..##
#........................
...#
####.........#...........##
..##
##.###.......#........)...##
..#
#............#...........#.#
.##
##.........@.#..............
..#
#...........(C..............
..#
##.#.......................#
.##
###.........>............##
## #................#.....##
# ##.##.##.#.#..#.####.###
################ ###


You could see a +2 dire flail of protection (ally target) and a friendly cactus
giant (summoned).

Vanquished Creatures
  Rupert (Lair:4)
  Josephine (D:11)
  Fannar (D:12)
  Harold (D:11)
  2 hydras
  4 ogre magi (Orc:2)
  3 boulder beetles
  A catoblepas (Lair:2)
  6 death yaks
  8 two-headed ogres
  An orc high priest (Orc:2)
  A shock serpent (Snake:1)
  A fire crab (D:10)
  3 skeletal warriors (D:12)
  An orc knight (Orc:2)
  A lindwurm (Lair:5)
  An ugly thing (D:12)
  A wolf spider (Lair:5)
  2 elephants
  2 meliai (D:13)
  6 black mambas
  8 cane toads
  A gargoyle (D:12)
  2 kobold demonologists
  An unseen horror (D:11)
  A rime drake (Lair:1)
  4 komodo dragons
  Psyche (D:11)
  A troll (Orc:2)
  A hornet (D:11)
  Grinder (D:5)
  6 blink frogs (Lair:1)
  A shadow (D:10)
  5 slime creatures
  3 wraiths (D:11)
  2 hogs (D:12)
  2 wyverns
  42 yaks
  A basilisk (Lair:2)
  Grum (D:9)
  A redback (Lair:5)
  10 vampire mosquitoes
  An acid dragon (D:11)
  Menkaure (D:5)
  2 nagas (Lair:2)
  14 water moccasins
  8 nameless horrors
  5 orc warriors
  A sky beast (D:7)
  13 ogres
  6 wolves
  2 centaurs
  2 phantoms (D:5)
  2 kobold brigands
  A gnoll sergeant (D:12)
  7 bullfrogs
  A wyvern zombie (D:7)
  3 wights
  24 killer bees (D:9)
  A howler monkey (D:10)
  2 electric eels (Lair:3)
  A bombardier beetle (D:5)
  4 jellies
  4 hounds
  9 orc priests
  4 iguanas
  6 orc wizards
  2 sleepcaps
  A hell rat (Lair:1)
  A killer bee zombie (D:7)
  4 gnolls
  4 adders
  5 river rats (Lair:1)
  A shadow imp (D:8)
  2 white imps
  A dart slug (D:3)
  16 orcs
  5 bats (D:1)
  8 endoplasms
  2 giant cockroaches
  3 goblins
  5 hobgoblins
  3 jackals
  A quokka (D:2)
  5 ball pythons
  6 kobolds
  3 rats
  A butterfly (Lair:4)
346 creatures vanquished.

Vanquished Creatures (collateral kills)
  Kirke (D:12)
  The ghost of voltaire321 the Spear-Bearer, a journeyman MfGl of Hepliaklqana (Lair:2)
  A hydra (Lair:4)
  6 two-headed ogres
  3 death yaks
  6 skeletal warriors (D:12)
  2 spriggan druids
  A lindwurm (Lair:5)
  4 nameless horrors
  2 manticores
  A black mamba (Lair:5)
  4 elephants
  A guardian serpent (Lair:5)
  A meliai (D:13)
  5 torpor snails
  5 cane toads
  A gargoyle (D:13)
  5 komodo dragons
  A rime drake (Lair:3)
  A polar bear (Lair:4)
  2 trolls
  3 hornets
  A queen bee (D:9)
  A blink frog (Lair:1)
  Prince Ribbit (D:5)
  A slime creature (D:12)
  A shadow (D:11)
  A vampire (D:10)
  17 yaks
  3 wyverns (Lair:5)
  2 basilisks
  A redback (Lair:5)
  A vampire mosquito (D:12)
  2 hogs (D:12)
  A naga (Lair:2)
  17 water moccasins
  9 orc warriors
  A sky beast (D:8)
  2 ice beasts (D:7)
  A black bear (D:6)
  12 ogres
  4 wolves
  A phantom (D:5)
  A kobold brigand (D:10)
  A gnoll sergeant (D:8)
  5 bullfrogs
  2 scorpions
  3 wights
  6 killer bees
  A howler monkey (D:10)
  2 jellies (Lair:4)
  A hound (D:5)
  A centaur zombie (D:7)
  3 orc priests
  A sleepcap (D:5)
  An iguana (D:5)
  6 orc wizards
  A hell rat (Lair:1)
  A killer bee zombie (D:7)
  4 gnolls
  4 adders
  3 river rats (Lair:1)
  2 ribbon worms
  17 orcs
  11 endoplasms
  2 giant cockroaches
  3 goblins
  5 jackals
  2 quokkas
  4 ball pythons
  2 bats
  2 frilled lizards
  9 kobolds
  2 rats
  A butterfly (Lair:2)
246 creatures vanquished.

Vanquished Creatures (others)
  55 blazeheart cores
55 creatures vanquished.

Grand Total: 647 creatures vanquished

Notes
Turn   | Place    | Note
-------+----------+-------------------------------------------
     0 | D:1      | bobo the Merfolk Summoner began the quest for the Orb.
     0 | D:1      | Reached XP level 1. HP: 13/13 MP: 3/3
   143 | D:1      | Reached XP level 2. HP: 17/19 MP: 3/5
   188 | D:1      | Reached skill level 1 in Polearms
   357 | D:1      | Reached skill level 1 in Fighting
   384 | D:1      | Learned a level 2 spell: Call Imp
   851 | D:2      | Reached XP level 3. HP: 26/26 MP: 6/6
   902 | D:2      | Learned a level 3 spell: Call Canine Familiar
   921 | D:2      | Found a faded altar of an unknown god.
  1104 | D:2      | Noticed a scorpion
  1117 | D:2      | Killed a scorpion
  1118 | D:2      | Reached skill level 2 in Polearms
  1118 | D:2      | Reached skill level 1 in Shields
  1118 | D:2      | Reached XP level 4. HP: 6/33 MP: 3/7
  1348 | D:2      | Reached XP level 5. HP: 34/39 MP: 6/8
  1911 | D:3      | Found an iron altar of Okawaru.
  2941 | D:4      | Reached skill level 3 in Polearms
  2941 | D:4      | Reached XP level 6. HP: 47/47 MP: 4/10
  2947 | D:4      | Learned a level 4 spell: Summon Blazeheart Golem
  3159 | D:4      | Found a glowing silver altar of Zin.
  3184 | D:4      | Became a worshipper of Zin the Law-Giver
  3184 | D:4      | Reached * piety under Zin
  3426 | D:5      | Entered Level 5 of the Dungeon
  3541 | D:5      | Reached skill level 1 in Invocations
  3541 | D:5      | Reached XP level 7. HP: 32/52 MP: 7/11
  3609 | D:5      | Noticed Menkaure
  3625 | D:5      | Killed Menkaure
  3629 | D:5      | Reached ** piety under Zin
  3724 | D:5      | Reached skill level 5 in Summonings
  3777 | D:5      | Noticed Grinder
  3808 | D:5      | Killed Grinder
  3809 | D:5      | Reached skill level 4 in Polearms
  3987 | D:5      | Reached XP level 8. HP: 60/60 MP: 6/13
  4130 | D:5      | Found an opulent altar of Gozag.
  4310 | D:5      | Reached skill level 5 in Polearms
  4391 | D:5      | Noticed Prince Ribbit
  4402 | D:5      | Killed Prince Ribbit
  4403 | D:5      | Reached skill level 5 in Shields
  4410 | D:5      | Learned a level 4 spell: Summon Lightning Spire
  4590 | D:5      | Reached skill level 5 in Fighting
  4842 | D:5      | Reached XP level 9. HP: 56/68 MP: 12/15
  4888 | D:6      | Found a staircase to the Ecumenical Temple.
  4918 | D:6      | Reached skill level 1 in Fire Magic
  5069 | D:6      | Found Kiekkypt's Lightly-Used Armoury.
  5075 | D:6      | Reached *** piety under Zin
  5325 | D:6      | Reached skill level 1 in Air Magic
  5540 | D:6      | Reached skill level 6 in Polearms
  5626 | D:6      | Found Eqimainu's Book Shoppe.
  5937 | D:6      | Found a stormy altar of Qazlal.
  7519 | D:8      | Reached XP level 10. HP: 5/76 MP: 4/17
  7818 | D:8      | Reached **** piety under Zin
  7845 | D:8      | Noticed a two-headed ogre
  8182 | D:8      | Found a sparkling altar of Nemelex Xobeh.
  8209 | D:8      | Reached skill level 5 in Spellcasting
  8342 | D:8      | Found a shimmering blue altar of Sif Muna.
  8346 | D:8      | Found a bloodstained altar of Trog.
  8425 | D:8      | Noticed a kobold demonologist
  8493 | D:8      | Killed a kobold demonologist
  9075 | D:9      | Found a broken altar of Ashenzari.
  9192 | D:9      | Was placed under penance by Zin
  9193 | D:9      | Reached skill level 7 in Polearms
  9447 | D:9      | Noticed a two-headed ogre
  9449 | D:9      | Donated 200 gold pieces to Zin
  9453 | D:9      | Learned a level 2 spell: Blink
  9468 | D:9      | Killed a two-headed ogre
  9469 | D:9      | Reached skill level 5 in Invocations
  9987 | D:9      | Noticed Grum
 10322 | D:8      | Upgraded the game from 0.32-a0-22-g6ae6769602 to
                  | 0.32-a0-30-gefbe487952
 10403 | D:9      | Killed Grum
 10859 | D:9      | Reached XP level 11. HP: 53/83 MP: 4/19
 10876 | D:9      | Noticed a nameless horror
 10880 | D:9      | HP: 2/83 [nameless horror[miscasting Summon Blazeheart
                  | Golem] (10)]
 11096 | D:10     | Entered Level 10 of the Dungeon
 11103 | D:10     | Found a white marble altar of Elyvilon.
 11317 | D:10     | Donated 119 gold pieces to Zin
 11343 | D:10     | Found a basalt altar of Yredelemnul.
 11354 | D:10     | Found a staircase to the Lair.
 11355 | D:10     | Noticed a fire crab
 11392 | D:10     | Killed a fire crab
 11571 | D:10     | HP: 2/83 [something (5)]
 11572 | D:10     | Gained mutation: Your mind is acute. (Int +4, Str/Dex -1)
                  | [potion of mutation]
 11742 | D:9      | Killed a nameless horror
 12299 | D:10     | Identified the amulet of Lies {RegenMP rC+ Int+2}
 12312 | D:10     | Was forgiven by Zin
 12646 | D:10     | Reached skill level 8 in Polearms
 12903 | Lair:1   | Entered Level 1 of the Lair of Beasts
 13000 | Lair:1   | Reached skill level 5 in Air Magic
 13211 | Lair:1   | Noticed a death yak
 13216 | Lair:1   | Noticed a death yak
 13216 | Lair:1   | Noticed a death yak
 13216 | Lair:1   | Noticed a death yak
 13271 | D:10     | Killed a death yak
 13385 | D:11     | Reached skill level 5 in Fire Magic
 13519 | D:11     | Noticed a boulder beetle
 13537 | D:11     | Killed a boulder beetle
 13813 | D:11     | Learned a level 4 spell: Manifold Assault
 13890 | D:11     | Noticed Harold
 13899 | D:11     | Killed Harold
 13964 | D:11     | Noticed Josephine
 14020 | D:10     | Killed a death yak
 14021 | D:10     | Reached XP level 12. HP: 91/91 MP: 21/21
 14187 | D:10     | Killed a death yak
 14209 | D:10     | Killed a death yak
 14273 | Lair:1   | Reached skill level 9 in Polearms
 15109 | Lair:1   | Noticed a boulder beetle
 15119 | Lair:1   | Killed a boulder beetle
 15120 | Lair:1   | Reached skill level 1 in Armour
 15356 | Lair:2   | You fall into a shaft and drop 2 floors!
 15751 | Lair:2   | Was placed under penance by Zin
 15752 | Lair:2   | Donated 195 gold pieces to Zin
 16109 | Temple   | Entered the Ecumenical Temple
 16122 | Temple   | Fell from the grace of Zin
 16122 | Temple   | Became a worshipper of the Shining One
 16122 | Temple   | Reached * piety under the Shining One
 16122 | Temple   | Reached ** piety under the Shining One
 16353 | Lair:2   | Reached XP level 13. HP: 90/99 MP: 14/23
 16608 | Lair:2   | Found a runed translucent door.
 16656 | Lair:2   | Found a staircase to the Snake Pit.
 16697 | Lair:2   | Reached skill level 10 in Polearms
 16705 | Lair:2   | Learned a level 6 spell: Summon Cactus Giant
 17539 | Lair:2   | Found a staircase to the Swamp.
 17713 | Lair:2   | Noticed voltaire321's ghost (journeyman MfGl)
 17724 | Lair:2   | Killed voltaire321's ghost
 17731 | Lair:2   | Identified the ring "Louj" {Will+ AC+4}
 17820 | Swamp:1  | Entered Level 1 of the Swamp
 18138 | Snake:1  | Entered Level 1 of the Snake Pit
 18238 | D:11     | Killed Josephine
 18521 | D:11     | Noticed Psyche
 18544 | D:11     | Killed Psyche
 19179 | D:12     | Found a staircase to the Orcish Mines.
 19189 | D:12     | Reached *** piety under the Shining One
 19429 | Lair:3   | Reached skill level 11 in Polearms
 20021 | Lair:3   | Reached skill level 10 in Fighting
 20110 | Lair:3   | Identified the +5 scale mail of Qes Houf {^Drain rElec rF+}
 20417 | Lair:3   | Reached XP level 14. HP: 110/110 MP: 19/26
 20916 | Lair:4   | Reached skill level 10 in Summonings
 21007 | Lair:4   | Reached skill level 12 in Polearms
 21325 | Lair:4   | Noticed Rupert
 21338 | Lair:4   | Killed Rupert
 21339 | Lair:4   | Reached skill level 1 in Translocations
 21711 | Lair:5   | Entered Level 5 of the Lair of Beasts
 21778 | Lair:5   | Was placed under penance by the Shining One
 22561 | Lair:5   | Reached skill level 13 in Polearms
 23067 | Lair:5   | Found a staircase to the Slime Pits.
 23068 | Lair:5   | Found a viscous altar of Jiyva.
 23397 | Lair:5   | Was forgiven by the Shining One
 23561 | D:12     | Noticed Fannar
 23572 | D:12     | Killed Fannar
 23906 | D:12     | Noticed Kirke
 23906 | D:12     | Reached **** piety under the Shining One
 23915 | D:12     | Killed Kirke
 23916 | D:12     | Reached XP level 15. HP: 120/120 MP: 17/28
 24074 | D:12     | Reached skill level 10 in Spellcasting
 24714 | D:12     | Found Vias's Assorted Antiques.
 25172 | D:13     | Reached skill level 14 in Polearms
 25326 | Orc:1    | Entered Level 1 of the Orcish Mines
 25369 | Orc:2    | Entered Level 2 of the Orcish Mines
 25878 | Orc:2    | Reached skill level 5 in Translocations
 25884 | Orc:2    | Reached ***** piety under the Shining One
 26383 | Orc:2    | Found Licam's Magic Scroll Shop.
 26383 | Orc:2    | Found Iwni's Antique Armour Emporium.
 26383 | Orc:2    | Found Caseon's Book Shoppe.
 26383 | Orc:2    | Found Leochoul's Weapon Shop.
 26390 | Orc:2    | Bought a scroll of enchant armour for 97 gold pieces
 26511 | Orc:2    | Found a staircase to the Elven Halls.
 26544 | Elf:1    | Entered Level 1 of the Elven Halls
 26565 | Orc:2    | Slain by a +2 dire flail of protection

Illustrated notes

Levels and vault maps discovered:
D:1:      minmay_arrival_five_plusses, layout_loops_ring, minivault_24,
          chequers_decorated_corner
D:2:      layout_basic, nicolae_ecumenical_oubliette
D:3:      layout_basic, okawaru_ov_weapons_minmay
D:4:      layout_gridville, lemuel_crystal_altar
D:5:      layout_basic, lemuel_doored_altar, st_stairs_14, uniq_prince_ribbit1,
          uniq_grinder, uniq_menkaure
D:6:      layout_cave_pods, marbit_many_paths, minmay_temple_entry_ruins,
          serial_shops, nicolae_shop_tiny_statue_garden, minmay_shop_damaged
D:7:      layout_basic, serial_undead, serial_undead_d, serial_undead_f,
          serial_undead_b, serial_undead_f
D:8:      layout_basic, hellmonk_overflow_destroyed_library,
          nemelex_diamond_rough_becter, serial_glass, glass_columns_b,
          glass_columns_b, serial_library_hellmonk_narrow_alcove
D:9:      layout_cave_pods, ashenzari_conservatory_becter, special_room
          [special_room_bee], uniq_grum
D:10:     layout_rooms, mainiacjoe_overflow_boulevard, elyvilon_altar_4,
          minmay_lair_entry_lava, serial_rivers, chequers_serial_rivers_small_b,
          chequers_serial_rivers_micro_e, chequers_serial_rivers_small_b,
          chequers_serial_rivers_room_b
D:11:     layout_roguey, uniq_josephine, uniq_psyche, uniq_harold
D:12:     layout_stronghold, orc_0_dummy, serial_shops, kennysheep_mini_moat,
          uniq_fannar, uniq_kirke
D:13:     layout_stronghold, lightli_vaults_fourway_checkpoint,
          serial_bayou_lake_a
Temple:   nicolae_temple_ecumenical_triangle
Lair:1:   layout_roguey, kennysheep_rathole, lemuel_fruit_fields
Lair:2:   layout_roguey, mainiacjoe_swamp_entry_angry_trees,
          guppyfry_snake_entry_island, enter_volcano_2,
          ebering_ghost_reflecting_pool, lemuel_fruit_fields
Lair:3:   layout_gridlike, serial_bayou_shore_a
Lair:4:   lemuel_slime, layout_loops_ring, lemuel_fruit_fields, uniq_rupert
Lair:5:   wormcave, layout_long_grid, hangedman_lair_tendril_chambers,
          slime_entry_1, small_statue_intersection
Swamp:1:  layout_basic_swamp, nicolae_swamp_little_swirl, uniq_jorgrun,
          uniq_frances
Snake:1:  layout_chambers, serial_library_hellmonk_long_bookcase
Orc:1:    layout_diamond_mine
Orc:2:    st_orc_ogre_mass, layout_caves
Elf:1:    layout_onion_city, minivault_28

Skill      XL: |  1  2  3  4  5  6  7  8  9 10 11 12 13 14 15 |
---------------+----------------------------------------------+-----
Polearms       | 1 2 3 4 5 6 7 8 9 11 13 14 | 14.0
Fighting       | 1 2 3 4 5 6 7 8 10 11 12 | 12.7
Shields        | 1 2 3 4 5 6 7 |  7.0
Spellcasting   | 3 4 5 6 7 8 9 10 | 10.7
Invocations    | 1 2 3 4 5 6 7 8 |  8.0
Summonings     | 5 6 7 8 9 10 | 10.5
Fire Magic     | 2 4 5 |  5.9
Air Magic      | 2 4 5 6 |  6.4
Armour         | 2 4 |  4.0
Translocations | 4 5 |  5.5
Dodging        | 4 |  4.9
Stealth        | |  2.1

Action                     |  1- 3 |  4- 6 |  7- 9 | 10-12 | 13-15 || total
---------------------------+-------+-------+-------+-------+-------++-------
  Melee: Spear             |    82 |   147 |   283 |       |       ||   512
         Trident           |       |       |   100 |   543 |   877 ||  1520
         Tailslap          |       |       |       |       |     3 ||     3
   Cast: Summon Small Mamm |    16 |     3 |    21 |     2 |       ||    42
         Call Imp          |     5 |    20 |       |       |       ||    25
         Call Canine Famil |       |     8 |    53 |    60 |    46 ||   167
         Summon Blazeheart |       |       |       |    37 |    37 ||    74
         Summon Lightning  |       |       |       |    14 |    76 ||    90
         Blink             |       |       |       |     5 |     7 ||    12
         Summon Cactus Gia |       |       |       |       |    31 ||    31
         Manifold Assault  |       |       |       |       |    44 ||    44
 Invoke: Recite            |       |       |     7 |     6 |       ||    13
         Vitalisation      |       |       |     2 |     2 |       ||     4
         Donate Gold       |       |       |       |     3 |       ||     3
         Divine Shield     |       |       |       |       |     2 ||     2
         Cleansing Flame   |       |       |       |       |     1 ||     1
  Evoke: Wand              |       |       |       |     3 |     1 ||     4
    Use: Scroll            |       |       |    13 |    21 |    10 ||    44
         Potion            |       |       |     1 |    17 |     8 ||    26
   Stab: Sleeping          |     4 |     6 |     2 |     1 |       ||    13
         Distracted        |     1 |     2 |     6 |     3 |       ||    12
         Invisible         |       |       |     2 |     2 |       ||     4
         Confused          |       |       |     2 |     1 |       ||     3
 Armour: Robe              |    26 |    48 |    75 |       |       ||   149
         Leather armour    |       |       |    70 |   354 |   425 ||   849
         Ring mail         |       |       |    30 |       |       ||    30
         Troll leather arm |       |       |       |       |    36 ||    36
  Dodge: Dodged            |    34 |    54 |   136 |   190 |   213 ||   627
  Block: Buckler           |     8 |    22 |    76 |   133 |   208 ||   447

Table legend: (Time is in decaauts)
 A = Elapsed time spent in this place.
 B = Non-inter-level travel time spent in this place.
 C = Inter-level travel time spent in this place.
 D = Time resting spent in this place.
 E = Time spent auto-exploring this place.
 F = Levels seen in this place.
 G = Mean time per level.
                   A        B        C        D        E       F      G
               +--------+--------+--------+--------+--------+-----+--------+
         Total |  26275 |  24608 |   1667 |   3064 |  15859 |  24 | 1094.8 |
       Dungeon |  17077 |  15897 |   1180 |   1611 |  10937 |  13 | 1313.6 |
        Temple |     25 |     16 |      9 |      0 |      0 |   1 |   25.0 |
          Lair |   7956 |   7480 |    476 |   1415 |   4150 |   5 | 1591.2 |
         Swamp |     15 |     15 |      0 |      0 |      0 |   1 |   15.0 |
     Snake Pit |     17 |     17 |      0 |      0 |      0 |   1 |   17.0 |
  Orcish Mines |   1173 |   1173 |      0 |     38 |    771 |   2 |  586.5 |
   Elven Halls |     10 |     10 |      0 |      0 |      0 |   1 |   10.0 |
               +--------+--------+--------+--------+--------+-----+--------+

Top non-repeatable levels by time:
     D:9: 2470 daAuts
  Lair:2: 2278 daAuts
    D:10: 1775 daAuts
    D:11: 1709 daAuts
  Lair:1: 1707 daAuts
     D:8: 1676 daAuts
     D:7: 1575 daAuts
    D:12: 1543 daAuts
  Lair:5: 1524 daAuts
     D:5: 1408 daAuts
     D:6: 1352 daAuts
  Lair:4: 1277 daAuts
  Lair:3: 1168 daAuts
   Orc:2: 1133 daAuts
     D:2: 991 daAuts
